 Dungeon Crawl Stone Soup version 0.27.1 (webtiles) character file.

Game seed: 1939552166721211520

20 Malachi the Slasher (level 2, 24/24 HPs)
             Began as a Vampire Berserker on Aug 24, 2021.
             Was a Follower of Trog.
             Safely got out of the dungeon.
             The game lasted 00:00:38 (898 turns).

Malachi the Slasher (Vampire Berserker)              Turns: 898, Time: 00:00:38

Health: 24/24      AC:  2    Str: 16    XL:     2   Next: 58%
Magic:  2/2        EV: 12    Int:  9    God:    Trog [*.....]
Gold:   43         SH:  0    Dex: 13    Spells: 1/1 levels left

rFire    . . .     SeeInvis +   a - +0 falchion
rCold    . . .     Faith    .   (no shield)
rNeg     . . .     Spirit   .   b - +0 animal skin
rPois    .         Reflect  .   (no helmet)
rElec    .         Harm     .   (no cloak)
rCorr    .         Rampage  .   (no gloves)
Will     .....                  (no boots)
Stlth    +.........             (no amulet)
HPRegen  0.28/turn              (no ring)
MPRegen  0.08/turn              (no ring)

@: healing quickly
A: alive, fangs 3, see invisible, vampiric 1
a: Exsanguinate, Renounce Religion, Berserk


You escaped.
You worshipped Trog.
Trog was aware of your devotion.
You visited 1 branch of the dungeon, and saw 1 of its levels.

You collected 43 gold pieces.

Inventory:

Hand Weapons
 a - a +0 falchion (weapon)
Armour
 b - a +0 animal skin (worn)
Scrolls
 c - 2 scrolls of identify {unknown}


   Skills:
 + Level 3.0 Fighting
 * Level 3.5 Long Blades
 + Level 1.6 Armour
 + Level 2.3 Dodging


You had one spell level left.
You didn't know any spells.
Your spell library was empty.

Dungeon Overview and Level Annotations

Branches:
Dungeon (1/15)

Altars:


Innate Abilities, Weirdness & Mutations

Your natural rate of healing is accelerated.
You have razor-sharp teeth.
You have supernaturally acute eyesight. (SInv)
You are afflicted with vampirism.


Message History

You hit the rat.
You kill the rat!
Trog accepts your kill.
Things that are here:
a +0 whip; a rat corpse You start resting.
HP restored.
You start waiting.
Done waiting.
A hobgoblin comes into view.
A hobgoblin is nearby!
A hobgoblin is nearby!
A hobgoblin is nearby!
A hobgoblin is nearby!
The hobgoblin shouts!
You slash the hobgoblin!
You kill the hobgoblin!
Trog accepts your kill.
No target in view!
No target in view!
Done exploring.
Done exploring.
Done exploring.
Done exploring.
Done exploring.
No target in view!
No target in view!
Things that are here:
a +0 whip; 4 stones; a quokka skeleton
There is a stone staircase leading down here.
Unknown command.
Things that are here:
a +0 whip; 4 stones; a quokka skeleton You see here a +0 club.
You see here 21 stones.
You see here a +0 robe.
There is an empty arch of ancient stone here.
There is a staircase leading out of the dungeon here.
Are you sure you want to leave the Dungeon?
This will make you lose the game!
You have escaped!

#♣...............####.......##.#
#................∩.##.......##.#
##...............#∩##.......##.#
##......8.....♣.....##..(.>.##.##
.#∩#.[..............♣#......##...
..###♣..............♣#......#####
### #..............##......#
#.............≈######.##
#♣..♣......@.### #.#
#...........### #.#
#######.♣....♣..##.# #.#
......###########..##### #.#
##.....................# #.#
#.######..#.......###.###.# #.#
#.##...............# #.####
#.##..............###### #....#
#.#########............##


There were no monsters in sight!

Vanquished Creatures
  A dart slug (D:1)
  A bat (D:1)
  An endoplasm (D:1)
  A goblin (D:1)
  4 hobgoblins (D:1)
  2 quokkas (D:1)
  2 ball pythons (D:1)
  A frilled lizard (D:1)
  2 kobolds (D:1)
  2 rats (D:1)
17 creatures vanquished.

Notes
Turn   | Place    | Note
-------+----------+-------------------------------------------
     0 | D:1      | Malachi the Vampire Berserker began the quest for the Orb.
     0 | D:1      | Reached XP level 1. HP: 17/17 MP: 1/1
    63 | D:1      | Found a faded altar of an unknown god.
   350 | D:1      | Reached XP level 2. HP: 18/24 MP: 2/2
   898 | D:$      | Safely got out of the dungeon.

Illustrated notes

Levels and vault maps discovered:
D:1:      nzn_arrival_settlement, layout_loops_ring,
          ebering_ecumenical_altar_hall, st_stairs_3

Skill      XL: |  1 |
---------------+----+-----
Fighting       | 3 |  3.0
Long Blades    | |  3.5
Armour         | |  1.6
Dodging        | |  2.3

Action                   || total
-------------------------++-------
Melee: Falchion          ||    35
       Bite              ||     3
 Stab: Sleeping          ||     2
Armor: Animal skin       ||     8
Dodge: Dodged            ||    21
       Rpst.: Falchion   ||     8
